 Dungeon Crawl Stone Soup version 0.26.1-11-gd32895ea62 (webtiles) character file.

Game seed: 17496322629645223891

16436 frimble the Frost Mage (level 12, -1/91 HPs)
             Began as a Gnoll Ice Elementalist on Sept 2, 2021.
             Was a High Priest of Cheibriados.
             Slain by an unseen horror (9 damage)
             ... on level 11 of the Dungeon.
             The game lasted 00:26:25 (13192 turns).

frimble the Frost Mage (Gnoll Ice Elementalist)    Turns: 13192, Time: 00:26:26

Health: -1/91      AC: 10    Str: 24    XL:     12   Next: 37%
Magic:  17/24      EV: 22    Int: 35    God:    Cheibriados [*****.]
Gold:   671        SH:  5    Dex: 29    Spells: 18/28 levels left

rFire    . . .     SeeInvis .   n - +4 dagger (drain)
rCold    . . .     Faith    .   (no shield)
rNeg     + . .     Spirit   .   u - +2 robe {rN+}
rPois    .         Reflect  +   (no helmet)
rElec    .         Harm     .   (no cloak)
rCorr    .         Rampage  .   k - +1 pair of gloves
Will     +....                  (no boots)
Stlth    +++++.....             g - amulet of reflection
HPRegen  0.25/turn              t - +4 ring of protection
MPRegen  0.19/turn              i - ring of willpower

@: frozen ramparts, very slow
A: distributed training, fangs 1, strong nose
a: Renounce Religion, Bend Time, Temporal Distortion, Slouch, Step From Time


You were on level 11 of the Dungeon.
You worshipped Cheibriados.
Cheibriados was extremely pleased with you.
You visited 1 branch of the dungeon, and saw 11 of its levels.
You also visited: Gauntlet.

You collected 671 gold pieces.

Inventory:

Hand Weapons
 d - a +2 vorpal spear
 n - a +4 dagger of draining (weapon)
 r - a +2 falchion of freezing
Missiles
 G - 21 silver javelins
Armour
 k - a +1 pair of gloves (worn)
 u - a +2 robe of positive energy (worn)
Jewellery
 g - an amulet of reflection (around neck)
 i - a ring of willpower (right hand)
 m - an uncursed ring of see invisible
 t - a +4 ring of protection (left hand)
 y - an uncursed ring of fire
 E - an uncursed ring of magical power
Wands
 f - a wand of paralysis (11)
 C - a wand of digging (7)
 D - a wand of flame (19)
Scrolls
 e - 8 scrolls of teleportation
 l - 4 scrolls of immolation
 o - 5 scrolls of remove curse
 q - 2 scrolls of fog
 v - 3 scrolls of enchant armour
 A - 3 scrolls of amnesia
 F - a scroll of blinking {unknown}
 H - a scroll of identify
Potions
 a - a potion of ambrosia
 b - 3 potions of flight
 c - 4 potions of might
 h - 5 potions of heal wounds
 j - 5 potions of brilliance
 p - a potion of invisibility
 s - 2 potions of cancellation
 w - a potion of curing
 x - 3 potions of attraction {unknown}
 z - a potion of mutation {unknown}
 B - a potion of lignification {unknown}


   Skills:
 + Level 7.2 Fighting
 + Level 7.2 Short Blades
 + Level 7.2 Long Blades
 + Level 7.2 Axes
 + Level 7.2 Maces & Flails
 + Level 7.2 Polearms
 + Level 7.2 Staves
 + Level 7.2 Slings
 + Level 7.2 Bows
 + Level 7.2 Crossbows
 + Level 7.2 Throwing
 + Level 7.2 Armour
 + Level 8.6 Dodging
 + Level 8.4 Stealth
 + Level 7.2 Shields
 + Level 7.2 Unarmed Combat
 + Level 8.9 Spellcasting
 + Level 6.0 Conjurations
 + Level 6.0 Hexes
 + Level 6.0 Summonings
 + Level 6.0 Necromancy
 + Level 6.0 Translocations
 + Level 6.0 Transmutations
 + Level 6.0 Fire Magic
 + Level 9.4 Ice Magic
 + Level 6.0 Air Magic
 + Level 6.0 Earth Magic
 + Level 6.0 Poison Magic
 + Level 7.9 Invocations
 + Level 7.2 Evocations


You had 18 spell levels left.
You knew the following spells:

 Your Spells              Type           Power        Failure   Level
a - Summon Ice Beast      Ice/Summ       62%          1%          4
b - Frozen Ramparts       Ice            100%         1%          3
c - Ozocubu's Armour      Ice            69%          1%          3

Your spell library contained the following spells:

 Spells                   Type           Power        Failure   Level
 Corona                   Hex            61%          1%          1
 Freeze                   Ice            100%         1%          1
 Ensorcelled Hibernation  Hex/Ice        100%         1%          2
 Confusing Touch          Hex            55%          1%          3
 Dazzling Flash           Conj/Hex       100%         1%          3
 Gell's Gravitas          Tloc           27%          1%          3
 Portal Projectile        Hex/Tloc       100%         1%          3
 Tukima's Dance           Hex            55%          1%          3
 Hailstorm                Conj/Ice       62%          1%          4
 Dispersal                Tloc           27%          34%         6
 Disjunction              Tloc           27%          100%        8


Dungeon Overview and Level Annotations

Branches:
Dungeon (11/15)            Temple (0/1) D:6            Lair (0/6) D:8
    Orc (0/2) D:9         Gauntlet (visited)

Altars:
Cheibriados
Gozag
Kikubaaqudgha
Makhleb
Nemelex Xobeh
Okawaru
Ru
Sif Muna
Wu Jian
Yredelemnul
Zin


Innate Abilities, Weirdness & Mutations

Your experience applies equally to all skills.
You have very sharp teeth.
Your uncanny sense of smell can sniff out nearby items.


Message History

Confirm with . or Enter, or press ? or * to list all spells.
Casting: Frozen Ramparts (safe; 1% risk of failure)
Press: ? - help, Dir - look around, f - activate The walls around you are covered in ice.
The wall freezes something.
Something barely misses you.
The wall freezes something.
Something barely misses you.
The wall freezes the death knight!
The death knight hits you with a +3 great sword of electrocution!!
The wall freezes something.
Something hits you but does no damage.
Casting: Frozen Ramparts (safe; 1% risk of failure)
Confirm with . or Enter, or press ? or * to list all spells.
A chill wind blows around you.
The wall freezes something.
Something hits you!
* * * LOW HITPOINT WARNING * * *
The wall freezes something.
Something hits you.
* * * LOW HITPOINT WARNING * * *
The wall freezes the death knight!
The death knight hits you with a +3 great sword of electrocution!
* * * LOW HITPOINT WARNING * * *
The wall freezes something.
Something hits you!
You die...

######.####### #. #. #.#
#.# #.# ###+####### #.#
B.........#########'#######
.........p@.##..........†∩#
..........#.##..........(((
..........#Y##....).)).((.#
..........#.##....)..)(<(.#
..........#.##............#
..........#..#.....(......#
..........##.'............#
..........####............#
..........# #............#


You could see a death knight (drained) and a friendly ice beast (summoned).

Vanquished Creatures
  A minotaur (Gauntlet)
  A boulder beetle (D:11)
  A queen ant (D:8)
  A death drake (Gauntlet)
  2 deep elf magi (D:10)
  2 centaur zombies (Gauntlet)
  A redback zombie (Gauntlet)
  2 trolls
  2 hornets (D:11)
  A slime creature (Gauntlet)
  Sigmund (D:5)
  4 yaks (D:10)
  A shadow (D:9)
  A wyvern (D:11)
  20 soldier ants (D:8)
  Edmund (D:5)
  2 swamp worms (Gauntlet)
  A spectral hornet (Gauntlet)
  A meliai simulacrum (Gauntlet)
  3 orc warriors
  4 phantoms
  3 sky beasts
  2 ice beasts
  3 ogres
  9 centaurs
  An elf zombie (D:8)
  2 big kobolds (D:10)
  5 bullfrogs
  3 scorpions
  A hornet simulacrum (Gauntlet)
  12 killer bees
  A troll zombie (D:9)
  16 wights
  4 howler monkeys
  5 human zombies (D:8)
  3 jellies
  4 quasits
  A hound (D:8)
  A wyvern simulacrum (Gauntlet)
  A gnoll shaman (D:6)
  8 orc priests
  2 human skeletons (D:8)
  2 bullfrog skeletons
  3 centaur skeletons
  Ijyb (D:3)
  Jessica (D:3)
  An iguana (D:6)
  9 orc wizards
  22 worker ants
  A bullfrog simulacrum (Gauntlet)
  A centaur simulacrum (Gauntlet)
  5 ogre zombies (D:9)
  A hound zombie (D:9)
  A hound skeleton (D:6)
  3 mummies (D:8)
  A howler monkey zombie (D:5)
  3 worker ant zombies
  5 gnolls (D:6)
  8 adders
  2 white imps (D:8)
  2 ufetubi
  An ooze (D:1)
  An adder zombie (D:8)
  An adder skeleton (D:6)
  A dart slug (D:2)
  4 leopard geckos
  29 orcs
  5 ball pythons
  6 bats
  3 giant cockroaches
  9 hobgoblins
  8 jackals
  4 quokkas
  8 frilled lizards
  7 goblins
  A goblin skeleton (D:9)
  3 goblin zombies (D:9)
  A hobgoblin skeleton (D:9)
  4 hobgoblin zombies (D:9)
  20 kobolds
  A leopard gecko zombie (D:9)
  2 orc skeletons (D:9)
  7 orc zombies (D:9)
  2 quokka zombies
  4 rats
344 creatures vanquished.

Vanquished Creatures (collateral kills)
  2 rime drakes (Gauntlet)
  A tyrant leech (Gauntlet)
3 creatures vanquished.

Vanquished Creatures (others)
  4 fungi (D:8)
  5 plants
9 creatures vanquished.

Grand Total: 356 creatures vanquished

Notes
Turn   | Place    | Note
-------+----------+-------------------------------------------
     0 | D:1      | frimble the Gnoll Ice Elementalist began the quest for the
                  | Orb.
     0 | D:1      | Reached XP level 1. HP: 13/13 MP: 6/6
    82 | D:1      | Reached XP level 2. HP: 6/19 MP: 7/7
   572 | D:1      | Reached XP level 3. HP: 25/25 MP: 9/9
   645 | D:1      | Reached skill level 5 in Spellcasting
   850 | D:2      | Reached skill level 1 in Invocations
   998 | D:2      | Learned a level 3 spell: Frozen Ramparts
  1002 | D:2      | Learned a level 3 spell: Ozocubu's Armour
  1035 | D:2      | Reached skill level 1 in Fighting
  1035 | D:2      | Reached skill level 1 in Short Blades
  1035 | D:2      | Reached skill level 1 in Long Blades
  1035 | D:2      | Reached skill level 1 in Axes
  1035 | D:2      | Reached skill level 1 in Maces & Flails
  1035 | D:2      | Reached skill level 1 in Polearms
  1035 | D:2      | Reached skill level 1 in Staves
  1035 | D:2      | Reached skill level 1 in Slings
  1035 | D:2      | Reached skill level 1 in Bows
  1035 | D:2      | Reached skill level 1 in Crossbows
  1035 | D:2      | Reached skill level 1 in Throwing
  1035 | D:2      | Reached skill level 1 in Armour
  1035 | D:2      | Reached skill level 1 in Shields
  1035 | D:2      | Reached skill level 1 in Unarmed Combat
  1035 | D:2      | Reached skill level 1 in Evocations
  1211 | D:2      | Reached XP level 4. HP: 32/32 MP: 11/11
  1509 | D:3      | Reached skill level 1 in Conjurations
  1509 | D:3      | Reached skill level 1 in Hexes
  1509 | D:3      | Reached skill level 1 in Summonings
  1509 | D:3      | Reached skill level 1 in Necromancy
  1509 | D:3      | Reached skill level 1 in Translocations
  1509 | D:3      | Reached skill level 1 in Transmutations
  1509 | D:3      | Reached skill level 1 in Fire Magic
  1509 | D:3      | Reached skill level 1 in Air Magic
  1509 | D:3      | Reached skill level 1 in Earth Magic
  1509 | D:3      | Reached skill level 1 in Poison Magic
  1519 | D:3      | Reached XP level 5. HP: 22/37 MP: 12/12
  2008 | D:3      | Found an iron altar of Okawaru.
  2059 | D:3      | Found a basalt altar of Yredelemnul.
  2062 | D:3      | Found a snail-covered altar of Cheibriados.
  2065 | D:3      | Found a burning altar of Makhleb.
  2089 | D:3      | Became a worshipper of Cheibriados the Contemplative
  2205 | D:3      | Noticed Ijyb
  2214 | D:3      | Killed Ijyb
  2215 | D:3      | Reached XP level 6. HP: 42/44 MP: 6/13
  2280 | D:3      | Noticed Jessica
  2286 | D:3      | Reached skill level 5 in Dodging
  2286 | D:3      | Killed Jessica
  3070 | D:4      | You fall into a shaft and drop 2 floors!
  3095 | D:6      | Noticed a phantom
  3121 | D:5      | Entered Level 5 of the Dungeon
  3129 | D:6      | Reached XP level 7. HP: 31/50 MP: 15/15
  3593 | D:6      | Reached * piety under Cheibriados
  3786 | D:6      | Reached skill level 5 in Stealth
  4134 | D:6      | Reached XP level 8. HP: 45/57 MP: 16/16
  4372 | D:6      | Found a staircase to the Ecumenical Temple.
  4993 | D:5      | Reached ** piety under Cheibriados
  5074 | D:5      | Noticed Sigmund
  5082 | D:5      | Killed Sigmund
  5832 | D:5      | Found an ornate altar of the Wu Jian Council.
  5909 | D:5      | Noticed Edmund
  5916 | D:5      | Killed Edmund
  5917 | D:5      | Reached XP level 9. HP: 60/65 MP: 11/18
  6103 | D:5      | Found a sparkling altar of Nemelex Xobeh.
  6104 | D:5      | Found an opulent altar of Gozag.
  6216 | D:7      | You fall into a shaft and drop 1 floor!
  6259 | D:8      | Reached skill level 8 in Ice Magic
  6274 | D:8      | Found a staircase to the Lair.
  6516 | D:7      | Reached *** piety under Cheibriados
  6519 | D:7      | Reached skill level 5 in Invocations
  7176 | D:8      | Reached XP level 10. HP: 54/73 MP: 14/20
  7184 | D:8      | Reached **** piety under Cheibriados
  7188 | D:8      | Reached skill level 5 in Fighting
  7188 | D:8      | Reached skill level 5 in Short Blades
  7188 | D:8      | Reached skill level 5 in Long Blades
  7188 | D:8      | Reached skill level 5 in Axes
  7188 | D:8      | Reached skill level 5 in Maces & Flails
  7188 | D:8      | Reached skill level 5 in Polearms
  7188 | D:8      | Reached skill level 5 in Staves
  7188 | D:8      | Reached skill level 5 in Slings
  7188 | D:8      | Reached skill level 5 in Bows
  7188 | D:8      | Reached skill level 5 in Crossbows
  7188 | D:8      | Reached skill level 5 in Throwing
  7188 | D:8      | Reached skill level 5 in Armour
  7188 | D:8      | Reached skill level 5 in Shields
  7188 | D:8      | Reached skill level 5 in Unarmed Combat
  7188 | D:8      | Reached skill level 5 in Evocations
  7528 | D:8      | Noticed a queen ant
  8286 | D:8      | Reached ***** piety under Cheibriados
  8529 | D:8      | Found a shimmering blue altar of Sif Muna.
  8653 | D:8      | Found an ancient bone altar of Kikubaaqudgha.
  8928 | D:8      | Killed a queen ant
  8929 | D:8      | Reached XP level 11. HP: 39/81 MP: 16/22
  9556 | D:9      | Found a glowing silver altar of Zin.
  9580 | D:9      | Found a sacrificial altar of Ru.
  9887 | D:9      | Found a staircase to the Orcish Mines.
  9896 | D:9      | Reached skill level 5 in Conjurations
  9896 | D:9      | Reached skill level 5 in Hexes
  9896 | D:9      | Reached skill level 5 in Summonings
  9896 | D:9      | Reached skill level 5 in Necromancy
  9896 | D:9      | Reached skill level 5 in Translocations
  9896 | D:9      | Reached skill level 5 in Transmutations
  9896 | D:9      | Reached skill level 5 in Fire Magic
  9896 | D:9      | Reached skill level 5 in Air Magic
  9896 | D:9      | Reached skill level 5 in Earth Magic
  9896 | D:9      | Reached skill level 5 in Poison Magic
 10678 | D:10     | Entered Level 10 of the Dungeon
 10894 | D:10     | Reached ****** piety under Cheibriados
 11252 | D:10     | Found a basalt altar of Yredelemnul.
 11252 | D:10     | Noticed a deep elf mage
 11252 | D:10     | Noticed a deep elf mage
 11257 | D:10     | Killed a deep elf mage
 11260 | D:10     | Killed a deep elf mage
 11261 | D:10     | Reached skill level 9 in Ice Magic
 11832 | D:11     | Noticed a boulder beetle
 11880 | D:11     | Killed a boulder beetle
 11958 | D:11     | Noticed a centaur warrior
 12015 | D:11     | Found an ornate altar of the Wu Jian Council.
 12130 | D:11     | Found a gate leading to a gauntlet.
 12139 | Gauntlet | Entered a Gauntlet
 12139 | Gauntlet | Found a transporter.
 12139 | Gauntlet | Found a runed translucent door.
 12214 | Gauntlet | Found a runed translucent door.
 12218 | Gauntlet | Found a transporter.
 12222 | Gauntlet | Found a transporter.
 12233 | Gauntlet | Found a transporter.
 12234 | Gauntlet | Found a transporter.
 12239 | Gauntlet | Noticed a death ooze
 12242 | Gauntlet | Found a transporter.
 12246 | Gauntlet | Found a transporter.
 12253 | Gauntlet | Noticed a death drake
 12255 | Gauntlet | Found a transporter.
 12258 | Gauntlet | Found a transporter.
 12262 | Gauntlet | Found a runed translucent door.
 12264 | Gauntlet | Found a runed translucent door.
 12266 | Gauntlet | Found a transporter.
 12287 | Gauntlet | Found a transporter.
 12299 | Gauntlet | Found a transporter.
 12312 | Gauntlet | Found a transporter.
 12325 | Gauntlet | Found a transporter.
 12414 | Gauntlet | Learned a level 4 spell: Summon Ice Beast
 12655 | Gauntlet | Reached XP level 12. HP: 74/89 MP: 19/24
 13036 | Gauntlet | Identified the ring of Iquplinn {rF+ Will- Str+6 Int+4
                  | Dex+3}
 13036 | Gauntlet | Noticed a minotaur
 13049 | Gauntlet | Killed a minotaur
 13181 | D:11     | Noticed a death knight
 13192 | D:11     | Slain by an unseen horror

Illustrated notes

Levels and vault maps discovered:
D:1:      lightli_arrival_noodles, layout_basic
D:2:      layout_basic
D:3:      layout_rooms, grunt_temple_overflow_cloverleaf,
          guppyfry_early_lair_pool, uniq_ijyb, uniq_jessica
D:4:      layout_layer_cave, roderic_filled_cross
D:5:      layout_loops_ring, grunt_temple_overflow_opulence,
          pdpol_wu_jian_five_deadly_venoms, minmay_misc_feat_rows, uniq_sigmund,
          uniq_edmund
D:6:      layout_basic, minmay_temple_entry_slanted, item_on_display_b
D:7:      layout_rooms, minmay_statues_item
D:8:      layout_loops_ring, overflow_temple_1_default,
          lemuel_mausoleum_altar_kikubaaqudgha, dpeg_oklobed_lair, minivault_29
D:9:      layout_roguey, old_standard_altar, zombieorc1_lemuel,
          nicolae_ru_awakened_eye
D:10:     layout_stronghold, david_defended_altar_elf, uniq_nergalle
D:11:     layout_roguey, basic_altar, gauntlet_entry_generic

Skill      XL: |  1  2  3  4  5  6  7  8  9 10 11 12 |
---------------+-------------------------------------+-----
Spellcasting   | 5 6 7 8 |  8.9
Invocations    | 1 2 3 4 5 6 7 |  7.9
Fighting       | 1 2 3 4 5 6 7 |  7.2
Short Blades   | 1 2 3 4 5 6 7 |  7.2
Long Blades    | 1 2 3 4 5 6 7 |  7.2
Axes           | 1 2 3 4 5 6 7 |  7.2
Maces & Flails | 1 2 3 4 5 6 7 |  7.2
Polearms       | 1 2 3 4 5 6 7 |  7.2
Staves         | 1 2 3 4 5 6 7 |  7.2
Slings         | 1 2 3 4 5 6 7 |  7.2
Bows           | 1 2 3 4 5 6 7 |  7.2
Crossbows      | 1 2 3 4 5 6 7 |  7.2
Throwing       | 1 2 3 4 5 6 7 |  7.2
Armour         | 1 2 3 4 5 6 7 |  7.2
Shields        | 1 2 3 4 5 6 7 |  7.2
Unarmed Combat | 1 2 3 4 5 6 7 |  7.2
Evocations     | 1 2 3 4 5 6 7 |  7.2
Conjurations   | 1 2 3 4 5 6 |  6.0
Hexes          | 1 2 3 4 5 6 |  6.0
Summonings     | 1 2 3 4 5 6 |  6.0
Necromancy     | 1 2 3 4 5 6 |  6.0
Translocations | 1 2 3 4 5 6 |  6.0
Transmutations | 1 2 3 4 5 6 |  6.0
Fire Magic     | 1 2 3 4 5 6 |  6.0
Air Magic      | 1 2 3 4 5 6 |  6.0
Earth Magic    | 1 2 3 4 5 6 |  6.0
Poison Magic   | 1 2 3 4 5 6 |  6.0
Dodging        | 5 6 7 8 |  8.6
Stealth        | 5 6 7 8 |  8.4
Ice Magic      | 8 9 |  9.4

Action                   |  1- 3 |  4- 6 |  7- 9 | 10-12 || total
-------------------------+-------+-------+-------+-------++-------
Melee: Spear             |   116 |   114 |   330 |   696 ||  1256
       Bite              |     5 |    14 |    53 |   161 ||   233
       Dagger            |       |    58 |    15 |    18 ||    91
       Punch             |       |     1 |     7 |    38 ||    46
       Falchion          |       |       |       |    30 ||    30
 Cast: Frozen Ramparts   |       |     3 |    12 |    20 ||    35
       Ozocubu's Armour  |       |     2 |     4 |     6 ||    12
       Freeze            |       |     1 |       |       ||     1
       Summon Ice Beast  |       |       |       |     5 ||     5
Invok: Slouch            |       |       |       |     5 ||     5
       Temporal Distorti |       |       |       |     1 ||     1
Evoke: Wand              |       |       |     5 |     7 ||    12
  Use: Scroll            |     3 |     5 |     8 |     3 ||    19
       Potion            |       |       |       |     2 ||     2
 Stab: Sleeping          |     4 |     5 |     6 |    30 ||    45
       Distracted        |     1 |       |     1 |     6 ||     8
       Paralysed         |       |       |    11 |    52 ||    63
       Invisible         |       |       |       |     2 ||     2
Armor: Robe              |    10 |    35 |    71 |   110 ||   226
Dodge: Dodged            |    53 |   124 |   254 |   411 ||   842
Block: Other             |    13 |    29 |    66 |    99 ||   207
       Reflection        |     1 |       |     1 |     3 ||     5
       Rpst.: Falchion   |       |       |       |     7 ||     7
